 Dungeon Crawl Stone Soup version 0.18-a0-1577-gf591c28 (webtiles) character file.

47 Tomstefer the Insei (level 3, -2/20 HPs)
             Began as a Vine Stalker Monk on Mar 20, 2016.
             Was a Believer of Cheibriados.
             Shot with a stone by a goblin (6 damage)
             ... on level 2 of the Dungeon.
             The game lasted 00:02:36 (948 turns).

Tomstefer the Insei (Vine Stalker Monk)              Turns: 948, Time: 00:02:36

Health: -2/20      AC:  0    Str: 17    XL:     3   Next: 70%
Magic:  0/4        EV: 13    Int: 14    God:    Cheibriados [**....]
Gold:   52         SH:  0    Dex: 21    Spells: 0 memorised, 2 levels left

rFire  . . .     SeeInvis .       - Unarmed
rCold  . . .     Gourm    .     (no armour)
rNeg   + . .     Faith    .     (no shield)
rPois  .         Spirit   +     (no helmet)
rElec  .         Dismiss  .     (no cloak)
rCorr  .         Reflect  .     (no gloves)
SustAt .         Harm     .     (no boots)
MR     .....                    (no amulet)
Stlth  ++........               (no ring)
                                e - ring of positive energy

@: very slow, not resistant to hostile enchantments, unstealthy
A: fangs 2, regeneration 1, magic shield, antimagic bite, no device heal 3, rot
immunity
a: Bend Time, Renounce Religion


You were on level 2 of the Dungeon.
You worshipped Cheibriados.
Cheibriados was pleased with you.
You were not hungry.

You visited 1 branch of the dungeon, and saw 2 of its levels.

You collected 52 gold pieces.

Inventory:

Armour
 a - a +0 robe
 j - an ice dragon hide
Jewellery
 e - a ring of positive energy (left hand)
Scrolls
 f - a scroll of teleportation
 i - a scroll of identify {unknown}
 l - a scroll of blinking {unknown}
 m - a scroll of enchant weapon {unknown}
Potions
 d - a potion of might {unknown}
 h - a potion of curing {unknown}
Comestibles
 b - 3 bread rations
 c - a chunk of flesh
 g - 5 fruits


   Skills:
 + Level 3.2 Fighting
 - Level 2.4 Dodging
 - Level 2.4 Stealth
 * Level 4.9 Unarmed Combat


You had 2 spell levels left.
You didn't know any spells.

Dungeon Overview and Level Annotations

Branches:
Dungeon (2/15)

Altars:
Cheibriados


Innate Abilities, Weirdness & Mutations

You have extremely sharp teeth.
Your natural rate of healing is unusually fast.
When hurt, damage is shared between your health and your magic reserves.
Your bite disrupts and absorbs the magic of your enemies.
Potions and wands cannot restore your health.
You are immune to rotting.


Message History

A goblin comes into view. It is wielding a dagger.
The goblin shouts!
The goblin unwields an uncursed dagger.
The goblin wields a hunting sling.
The goblin shoots a stone.
The stone hits you.
Found 16 gold pieces.
You see here a stone.
The goblin shoots a stone.
The stone hits you.
The goblin shoots a stone.
The stone barely misses you.
You see here a stone.
The goblin shoots a stone.
The stone closely misses you.
You see here 3 stones.
b - 3 bread rations (gained 1)
The goblin shoots a stone.
The stone hits you.
The goblin shoots a stone.
The stone barely misses you.
You see here a stone.
The goblin shoots a stone.
The stone closely misses you.
The goblin shoots a stone.
The stone hits you!
* * * LOW HITPOINT WARNING * * *
The goblin shoots a stone.
The stone hits you!
You die...

#......# #### #......# #..
#....รท.#####.#
#......<..##.################
#...........)................
#..._.>......................
#.[...######...........#
#.....+ ###########.###
#.....# #..@..(...g...#
#.....# #.#########(#.#
#...... .. #.#.# ######. ...
#.# # ...# #.. . ##. .g ..
..#


You could see a goblin.

Vanquished Creatures
  An ooze (D:1)
  2 dart slugs (D:1)
  A giant gecko (D:1)
  A ball python (D:1)
  6 bats (D:1)
  A giant cockroach (D:1)
  4 goblins
  4 hobgoblins (D:1)
  4 jackals (D:1)
  A giant newt (D:1)
  5 kobolds (D:1)
  6 rats
36 creatures vanquished.

Notes
Turn   | Place    | Note
--------------------------------------------------------------
     0 | D:1      | Tomstefer the Vine Stalker Monk began the quest for the Orb.
     0 | D:1      | Reached XP level 1. HP: 11/11 MP: 2/2
    63 | D:1      | Reached XP level 2. HP: 14/16 MP: 3/3
   260 | D:1      | Reached XP level 3. HP: 20/20 MP: 4/4
   905 | D:2      | Found a snail-covered altar of Cheibriados.
   917 | D:2      | Became a worshipper of Cheibriados the Contemplative
   917 | D:2      | Reached * piety under Cheibriados
   917 | D:2      | Reached ** piety under Cheibriados
   948 | D:2      | Shot with a stone by a goblin

Vault maps used:
D:1:      ncdulo_halloftheorcs
D:2:      nicolae_overflow_crystal_walls, cheibriados_altar_1, serial_curves,
          eino_curves_02, eino_curves_02, eino_curves_01, eino_curves_01,
          uniq_terence

Skill      XL: |  1  2 |
---------------+-------+-----
Fighting       | 3 |  3.2
Dodging        | |  2.4
Stealth        | |  2.4
Unarmed Combat | |  4.9

Action                   || total
-------------------------++-------
Melee: Unarmed           ||    92
  Use: Scroll            ||     3
 Stab: Sleeping          ||     7
